 Dungeon Crawl Stone Soup version 0.23-a0-182-g58cdd98 (webtiles) character file.

501 BarneyGumball the Chopper (level 6, -1/47 HPs)
             Began as a Demonspawn Fighter on Sept 19, 2018.
             Slain by an ogre
             ... wielding a +0 giant club
              (11 damage)
             ... on level 5 of the Dungeon.
             The game lasted 00:10:31 (4973 turns).

BarneyGumball the Chopper (Demonspawn Fighter)      Turns: 4973, Time: 00:10:32

Health: -1/47      AC: 10    Str: 18    XL:     6   Next: 95%
Magic:  0/6        EV:  7    Int: 10    God:
Gold:   214        SH:  9    Dex: 12    Spells: 5/5 levels left

rFire    . . .     SeeInvis .   a - +0 war axe
rCold    . . .     Gourm    .   c - +0 shield
rNeg     . . .     Faith    .   j - +0 chain mail
rPois    .         Spirit   +   (no helmet)
rElec    .         Reflect  .   z - +0 cloak
rCorr    .         Harm     .   (no gloves)
MR       .....                  (no boots)
Stlth    ..........             D - amulet of inaccuracy (curse)
HPRegen  0.15/turn              (no ring)
MPRegen  0.20/turn              (no ring)

@: no status effects
A: repulsion field 1, magic shield, magic regeneration
a: no special abilities


You were on level 5 of the Dungeon.
You were not hungry.

You visited 1 branch of the dungeon, and saw 5 of its levels.

You collected 214 gold pieces.

Inventory:

Hand Weapons
 a - a +0 war axe (weapon)
Armour
 b - a +0 scale mail
 c - a +0 shield (worn)
 j - a +0 chain mail (worn)
 z - a +0 cloak (worn)
Jewellery
 D - a cursed amulet of inaccuracy (around neck)
Wands
 q - a wand of flame (36)
 v - a wand of polymorph (13)
 y - a wand of paralysis (9)
 E - a wand of scattershot (4)
Scrolls
 e - 4 scrolls of remove curse
 h - a scroll of magic mapping {unknown}
 k - 2 scrolls of noise
 n - a scroll of blinking {unknown}
 o - a scroll of amnesia {unknown}
 r - a scroll of immolation {unknown}
 s - a scroll of teleportation {unknown}
 u - 4 scrolls of identify {unknown}
 x - 2 scrolls of fear {unknown}
 C - a scroll of random uselessness {unknown}
Potions
 g - 2 potions of lignification {unknown}
 i - a potion of brilliance {unknown}
 l - 3 potions of curing {unknown}
 m - 2 potions of haste {unknown}
 p - 3 potions of heal wounds
 t - a potion of magic {unknown}
 w - 4 potions of degeneration {unknown}
 A - 2 potions of agility {unknown}
 B - a potion of mutation {unknown}
Comestibles
 f - 7 rations


   Skills:
 - Level 3.0 Fighting
 * Level 5.7 Axes
 - Level 2.6 Armour
 + Level 4.6 Shields


You had 5 spell levels left.
You didn't know any spells.
Your spell library was empty.

Dungeon Overview and Level Annotations

Branches:
Dungeon (5/15)
 Temple: D:4-7

Altars:
Nemelex Xobeh


Innate Abilities, Weirdness & Mutations

You are surrounded by a mild repulsion field. (EV +2)
When hurt, damage is shared between your health and your magic reserves.
You regenerate magic rapidly.


Message History

The ogre hits you with a giant club!
You closely miss the ogre.
The ogre is lightly wounded.
You block the ogre's attack.
Your chain mail prevents you from hitting the ogre.
The ogre is lightly wounded.
You block the ogre's attack.
You closely miss the ogre. The ogre barely misses you.
You closely miss the ogre. You block the ogre's attack.
You closely miss the ogre. You block the ogre's attack.
You hit the ogre.
The ogre is lightly wounded.
The ogre hits you with a giant club!
* * * LOW HITPOINT WARNING * * *
As you read the scroll labeled ITSEMY WOKH, it crumbles to dust.
You hear a loud clanging noise!
It was a scroll of noise.
You hear a shout!
The ogre hits you with a giant club!
You die...

#...........# ###
##..##
#..........## #.##
###..##
...........# ##..#
##..###
..........##
##...# ###..##
....#..#### #....#
###..### #......#
#....###..###
##.....##
##...##..##
##.....####
#.....###
##..O....# ##@..##
#........####O.###
#..........##..##
##..........)###
###......(.##
#.......(#
#..##..(..# ##..#
####..# ##..# #..#
####


You could see an ogre.

Vanquished Creatures
  A centaur (D:5)
  A scorpion (D:5)
  A hound (D:4)
  An orc priest (D:4)
  A centaur skeleton (D:4)
  An iguana (D:5)
  4 orc wizards
  A worker ant (D:4)
  3 gnolls (D:4)
  An adder (D:2)
  An adder skeleton (D:4)
  3 worms (D:2)
  2 dart slugs
  13 orcs
  5 bats
  2 giant cockroaches
  10 goblins
  7 hobgoblins
  2 jackals (D:5)
  3 quokkas
  A ball python (D:3)
  3 frilled lizards
  4 kobolds
  8 rats
79 creatures vanquished.

Notes
Turn   | Place    | Note
-------+----------+-------------------------------------------
     0 | D:1      | BarneyGumball the Demonspawn Fighter began the quest for
                  | the Orb.
     0 | D:1      | Reached XP level 1. HP: 18/18 MP: 1/1
    40 | D:1      | Reached skill level 2 in Axes
   289 | D:1      | Gained mutation: You are surrounded by a mild repulsion
                  | field. (EV +2) [demonic ancestry]
   289 | D:1      | Reached XP level 2. HP: 24/24 MP: 2/2
  1088 | D:2      | Gained mutation: When hurt, damage is shared between your
                  | health and your magic reserves. [demonic ancestry]
  1088 | D:2      | Reached XP level 3. HP: 29/29 MP: 3/3
  1116 | D:2      | Reached skill level 3 in Axes
  1984 | D:3      | Found a sparkling altar of Nemelex Xobeh.
  2539 | D:3      | Gained mutation: You regenerate magic rapidly. [demonic
                  | ancestry]
  2539 | D:3      | Reached XP level 4. HP: 35/35 MP: 4/4
  2914 | D:4      | Reached skill level 4 in Axes
  3084 | D:4      | Reached XP level 5. HP: 30/41 MP: 3/5
  3796 | D:4      | Noticed an ogre
  4099 | D:5      | Entered Level 5 of the Dungeon
  4252 | D:5      | Reached XP level 6. HP: 47/47 MP: 6/6
  4316 | D:5      | Reached skill level 5 in Axes
  4415 | D:5      | HP: 2/47 [poisoned by a scorpion]
  4973 | D:5      | Slain by an ogre

Vault maps used:
D:1:      sevenhm_arrival_forest_fort_small_4, supply_closet_lemuel
D:3:      overflow_temple_1_default
D:4:      first_ration, serial_shops, shop
D:5:      minmay_a_box_with_orc_wizards_in_it

Skill      XL: |  1  2  3  4  5  6 |
---------------+-------------------+-----
Axes           | 2 3 4 5 |  5.7
Shields        | 3 4 |  4.6
Fighting       | |  3.0
Armour         | |  2.6

Action                   |  1- 3 |  4- 6 || total
-------------------------+-------+-------++-------
Melee: War axe           |   182 |   204 ||   386
  Use: Scroll            |       |     2 ||     2
       Potion            |       |     3 ||     3
  Eat: Chunk             |     5 |     7 ||    12
       Ration            |       |     1 ||     1
Armor: Scale mail        |     8 |       ||     8
       Chain mail        |   100 |   136 ||   236
Dodge: Dodged            |    14 |    54 ||    68
Block: Shield            |    78 |   117 ||   195

Table legend:
 A = Non-vault XP
 B = Vault XP
 C = Vault XP percentage of total XP
 D = Non-vault monster count
 E = Vault monster count
 F = Vault count percentage of total count
                 A         B        C        D         E       F
            +---------+---------+-------+---------+---------+-------
      Total |     594 |     123 |  17.2 |      76 |       3 |   3.8
            +---------+---------+-------+---------+---------+-------
        D:1 |      23 |       0 |   0.0 |      12 |       0 |   0.0
        D:2 |      50 |       0 |   0.0 |      18 |       0 |   0.0
        D:3 |      25 |       0 |   0.0 |      15 |       0 |   0.0
        D:4 |     278 |       0 |   0.0 |      23 |       0 |   0.0
        D:5 |     218 |     123 |  36.1 |       8 |       3 |  27.3
            +---------+---------+-------+---------+---------+-------
